 Dungeon Crawl Stone Soup version 0.31-a0-881-ge136f0c47a (webtiles) character file.

Game seed: 5058354004083944370

95 croobank the Sneak (level 4, 0/31 HPs)
             Began as an Octopode Delver on Oct 15, 2023.
             Slain by a river rat (3 damage)
             ... in a sewer.
             The game lasted 00:02:16 (603 turns).

croobank the Sneak (Octopode Delver)                 Turns: 603, Time: 00:02:17

Health: 0/31       AC:  1    Str: 11    XL:     4   Next: 65%
Magic:  4/4        EV: 13    Int: 12    God:
Gold:   0          SH:  0    Dex: 15    Spells: 3/3 levels left

rFire   . . .        a - +0 short sword
rCold   . . .        (no shield)
rNeg    . . .        (helmet restricted)
rPois   .            (no amulet)
rElec   .            (no ring)
rCorr   .            (no ring)
SInv    .            (no ring)
Will    .....        (no ring)
Stlth   ++++++       (no ring)
HPRegen 0.25/turn    (no ring)
MPRegen 0.09/turn    (no ring)
                     (no ring)

%: no passive effects
@: no status effects
A: almost no armour, amphibious, 8 rings, camouflage 1, gelatinous body 1,
nimble swimmer 1, tentacles
a: no special abilities


You were in a sewer.
You visited 1 branch of the dungeon, and saw 2 of its levels.
You also visited: Sewer.

Inventory:

Hand Weapons
 a - a +0 short sword (weapon)
Wands
 f - a wand of digging (3)
Scrolls
 b - a scroll of fog
 c - a scroll of revelation
 e - a scroll of immolation {unknown}
 g - a scroll of identify {unknown}


   Skills:
 + Level 3.5 Fighting
 + Level 2.7 Short Blades
 + Level 2.6 Dodging
 + Level 7.8 Stealth


You had 3 spell levels left.
You didn't know any spells.
Your spell library was empty.

Dungeon Overview and Level Annotations

Branches:
Dungeon (6/15)              Sewer (1/1)
 Temple: D:4-7

Altars:


Innate Abilities, Weirdness & Mutations

You cannot wear most types of armour.
You are amphibious.
You can wear up to eight rings at the same time.
Your skin changes colour to match your surroundings (Stealth+).
Your rubbery body absorbs attacks. (AC +1, EV +1)
You are camouflaged when in or above water. (Stealth+)
You have tentacles for arms and can constrict up to eight enemies at once.


Message History

The ball python closely misses you. The ball python grabs you.
The ball python constricts you.
You hit the ball python. Your grab misses the ball python.
The ball python is moderately wounded.
The ball python bites you. The ball python constricts you.
You barely miss the ball python. Your grab misses the ball python.
The ball python is moderately wounded.
The ball python bites you but does no damage.
The ball python constricts you.
You hit the ball python but do no damage.
You grab the ball python.
The ball python is moderately wounded.
You constrict the ball python. The ball python closely misses you.
The ball python constricts you.
You barely miss the ball python. Your squeeze misses the ball python.
The ball python is severely wounded.
You constrict the ball python.
You kill the ball python!
The river rat closely misses you.
You hit the river rat but do no damage. Your grab misses the river rat.
The river rat bites you!
You are too injured to fight recklessly!
You are too injured to fight recklessly!
You are too injured to fight recklessly!
You hit the river rat but do no damage. Your grab misses the river rat.
The river rat bites you!
* * * LOW HITPOINT WARNING * * *
You closely miss the river rat. You grab the river rat.
You constrict the river rat, but do no damage.
You aren't carrying any potions.
As you read the scroll of fear, it crumbles to dust.
You assume a fearsome visage.
The river rat resists with some effort.
The river rat looks frightened!
You constrict the river rat, but do no damage.
The river rat barely misses you.
You release your grip on the river rat.
The river rat barely misses you.
You enter the deep water.
You hit the river rat but do no damage. Your grab misses the river rat.
The river rat bites you.
You die...

##......≈≈........##
#†.....≈~~........##
#†.....~≈.......#..#
##......≈≈......###.#
##......~≈≈......#
#∩#
#...##..~≈≈.~.....
### #...###..≈≈≈.....
##...##~~≈≈≈~....
#...#..@≈≈≈~...
##..†..r≈≈≈≈...
#.....≈≈≈≈≈...
##....~≈≈≈≈≈.~.
##......≈≈≈≈≈≈~.
#.....~≈≈≈≈≈≈≈..
#..†..#≈≈≈≈≈≈≈~.
#....##≈≈≈≈≈≈≈~.
#....#≈≈≈≈≈≈≈≈~


You could see a river rat.

Vanquished Creatures
  2 adders (Sewer)
  6 river rats (Sewer)
  2 worms (D:5)
  3 ball pythons (Sewer)
  A kobold (Sewer)
  13 rats
27 creatures vanquished.

Notes
Turn   | Place    | Note
-------+----------+-------------------------------------------
     0 | D:5      | croobank the Octopode Delver began the quest for the Orb.
     0 | D:5      | Reached XP level 1. HP: 16/16 MP: 1/1
     3 | D:6      | Noticed a wight
     4 | D:6      | Noticed a wight
     4 | D:6      | Noticed a wight
     5 | D:6      | Noticed a wight
     5 | D:6      | Noticed a wight
    12 | D:6      | Noticed an orc wizard
    64 | D:5      | Found a glowing drain.
    84 | D:5      | Reached XP level 2. HP: 21/21 MP: 2/2
   111 | Sewer    | Entered a sewer
   157 | Sewer    | Reached skill level 7 in Stealth
   161 | Sewer    | HP: 1/21 [river rat (7)]
   163 | Sewer    | Reached XP level 3. HP: 2/26 MP: 3/3
   567 | Sewer    | Reached XP level 4. HP: 31/31 MP: 4/4
   603 | Sewer    | Slain by a river rat

Illustrated notes

Levels and vault maps discovered:
D:5:      layout_basic, cheibrodos_sewer_entry_drain, uniq_pikel
D:6:      layout_rooms, minmay_temple_entry_grid, uniq_edmund
Sewer:    sewer_minmay_treatment

Skill      XL: |  1  2 |
---------------+-------+-----
Stealth        | 7 |  7.8
Fighting       | |  3.5
Short Blades   | |  2.7
Dodging        | |  2.6

Action                     |  1- 3 |  4- 6 || total
---------------------------+-------+-------++-------
  Melee: Short sword       |    48 |    19 ||    67
         Tentacles         |    12 |     2 ||    14
         Constrict         |    14 |     3 ||    17
    Use: Potion            |     1 |       ||     1
         Scroll            |       |     1 ||     1
   Stab: Sleeping          |     6 |     4 ||    10
 Armour: Skin              |    12 |     7 ||    19
  Dodge: Dodged            |    25 |     9 ||    34

Table legend: (Time is in decaauts)
 A = Elapsed time spent in this place.
 B = Non-inter-level travel time spent in this place.
 C = Inter-level travel time spent in this place.
 D = Time resting spent in this place.
 E = Time spent auto-exploring this place.
 F = Levels seen in this place.
 G = Mean time per level.
                   A        B        C        D        E       F      G
               +--------+--------+--------+--------+--------+-----+--------+
         Total |    577 |    577 |      0 |    340 |     34 |   3 |  192.3 |
       Dungeon |     91 |     91 |      0 |     27 |      4 |   2 |   45.5 |
         Sewer |    485 |    485 |      0 |    313 |     30 |   1 |  485.0 |
               +--------+--------+--------+--------+--------+-----+--------+

Top non-repeatable levels by time:
   Sewer: 485 daAuts
     D:5: 80 daAuts
     D:6: 11 daAuts
